 Dungeon Crawl Stone Soup version 0.26.1-11-gd32895ea62 (webtiles) character file.

Game seed: 17064288569203818563

136623 Eitelfritz the Fencer (level 16, -1/155 HPs)
             Began as a Minotaur Gladiator on Apr 16, 2021.
             Was the Champion of Okawaru.
             Slain by a mana viper (2 damage)
             ... on level 2 of the Snake Pit.
             The game lasted 01:46:57 (29648 turns).

Eitelfritz the Fencer (Minotaur Gladiator)         Turns: 29648, Time: 01:46:57

Health: -1/155     AC: 32    Str: 26    XL:     16   Next: 67%
Magic:  0/10       EV: 12    Int: 10    God:    Okawaru [******]
Gold:   1358       SH:  0    Dex: 16    Spells: 15/15 levels left

rFire    . . .     SeeInvis .   a - +5 scimitar (flame)
rCold    . . .     Faith    .   (no shield)
rNeg     + . .     Spirit   .   D - +0 plate armour {rPois}
rPois    +         Reflect  .   T - +2 hat {Will+}
rElec    .         Harm     .   L - +0 cloak
rCorr    .         Rampage  .   h - +2 pair of gloves {archery}
Will     +++++                  S - +1 pair of boots
Stlth    ..........             W - amulet "Lidad" {rN+ Will+ Regen+ Int-4 Dex+3}
HPRegen  0.75/turn              y - ring "Uvuosagi" {Will+++ MP-9 Str+6 Int+4 Stlth+}
MPRegen  0.12/turn              X - ring of the Tortoise {AC+8}

@: mighty, constricted
A: retaliatory headbutt, horns 2
a: Renounce Religion, Heroism, Finesse


You were on level 2 of the Snake Pit.
You worshipped Okawaru.
Okawaru was exalted by your worship.
You visited 5 branches of the dungeon, and saw 25 of its levels.
You visited 1 bazaar.
You also visited: Ossuary and Ice Cave.

You collected 3820 gold pieces.
You spent 2462 gold pieces at shops.

Inventory:

Hand Weapons
 a - a +5 scimitar of flaming (weapon)
 b - a +3 longbow of flaming
 x - a +5 scimitar
Missiles
 d - 6 throwing nets (quivered)
 k - 860 arrows
Armour
 h - a +2 pair of gloves of archery (worn)
 D - a +0 plate armour of poison resistance (worn)
 L - a +0 cloak (worn)
 S - a +1 pair of boots (worn)
 T - a +2 hat of willpower (worn)
 Y - the +10 plate armour of Pleasant Breezes {Str+3 Int+9 Dex-3 Stlth+}
   (You found it on level 5 of the Lair of Beasts)

   It affects your strength (+3).
   It affects your intelligence (+9).
   It affects your dexterity (-3).
   It makes you more stealthy.
Jewellery
 y - the ring "Uvuosagi" (left hand) {Will+++ MP-9 Str+6 Int+4 Stlth+}
   (You bought it in a shop on level 4 of the Dungeon)

   [ring of strength]

   It affects your strength (+6).
   It affects your intelligence (+4).
   It affects your willpower, your defense against some magical effects.
   It affects your magic capacity (-9).
   It makes you more stealthy.
 z - an uncursed ring of flight
 G - an uncursed ring of poison resistance
 M - an uncursed ring of see invisible
 O - an uncursed ring of protection from fire
 V - an uncursed ring of positive energy
 W - the amulet "Lidad" (around neck) {rN+ Will+ Regen+ Int-4 Dex+3}
   (You bought it in a shop in a bazaar)

   [amulet of regeneration]

   It affects your intelligence (-4).
   It affects your dexterity (+3).
   It protects you from negative energy.
   It affects your willpower, your defense against some magical effects.
   It increases your rate of regeneration.
 X - the ring of the Tortoise (right hand) {AC+8}
   (You found it on level 5 of the Lair of Beasts)

   [ring of protection]

   It affects your AC (+8).
Wands
 j - a wand of iceblast (35)
 n - a wand of disintegration (16)
 E - a wand of acid (18)
 I - a wand of enslavement (11)
 R - a wand of paralysis (16)
Scrolls
 c - 2 scrolls of summoning
 f - 4 scrolls of amnesia
 m - 9 scrolls of identify
 s - 11 scrolls of remove curse
 u - 4 scrolls of fear
 w - 2 scrolls of blinking
 C - 8 scrolls of teleportation
 N - 5 scrolls of magic mapping
 Q - 3 scrolls of fog
Potions
 e - 3 potions of invisibility
 i - a potion of might
 l - 2 potions of heal wounds
 q - a potion of ambrosia
 r - 4 potions of haste
 t - 15 potions of curing
 v - 4 potions of magic
 A - 9 potions of brilliance
 B - 4 potions of flight
 P - 2 potions of berserk rage


   Skills:
 + Level 17.4 Fighting
 + Level 18.6 Long Blades
 + Level 12.0 Bows
 + Level 2.6 Throwing
 + Level 10.6 Armour
 + Level 12.3 Dodging
 + Level 7.0 Stealth
 + Level 6.0 Unarmed Combat
 + Level 6.1 Invocations


You had 15 spell levels left.
You didn't know any spells.
Your spell library contained the following spells:

 Spells                   Type           Power        Failure   Level
 Confusing Touch          Hex            0%           100%        3
 Gell's Gravitas          Tloc           0%           100%        3
 Petrify                  Tmut/Erth      0%           100%        4
 Summon Lightning Spire   Summ/Air       0%           100%        4
 Metabolic Englaciation   Hex/Ice        0%           100%        5
 Silence                  Hex/Air        0%           100%        5
 Yara's Violent Unravell  Hex/Tmut       0%           100%        5
 Conjure Ball Lightning   Conj/Air       0%           100%        6
 Tornado                  Air            0%           100%        9


Dungeon Overview and Level Annotations

Branches:
Dungeon (14/15)            Temple (1/1) D:7            Lair (6/6) D:9
 Shoals (0/4) Lair:4        Snake (2/4) Lair:4        Slime (0/5) Lair:5
    Orc (2/2) D:10            Elf (0/3) Orc:2        Vaults (0/5) D:13
Ossuary (visited)           IceCv (visited)

Altars:
Ashenzari
Cheibriados
Dithmenos
Elyvilon
Fedhas
Gozag
Hepliaklqana
Kikubaaqudgha
Makhleb
Nemelex Xobeh
Okawaru
Qazlal
Ru
Sif Muna
Trog
Uskayaw
Vehumet
Wu Jian
Xom
Yredelemnul
Zin
The Shining One
Beogh
Jiyva
Lugonu

Shops:
D:4 =**!   D:9 *   D:12 =!   Orc:2 [=(*

Portals:
Abyss: Lair:4

Annotations:
D:12 2 runed translucent doors, exclusion: orange crystal statue
Snake:2 Aizul


Innate Abilities, Weirdness & Mutations

You reflexively headbutt those who attack you in melee.
You have a pair of horns on your head.


Message History

The bolt of poison hits you!
You are more poisoned.
You resist.
* * * LOW HITPOINT WARNING * * *
The mana viper barely misses you. You furiously retaliate!
You headbutt the mana viper.
The shock serpent bites you but does no damage.
The anaconda bites you but does no damage.
The anaconda constricts you. Aizul hits you!
* * * LOW HITPOINT WARNING * * *
Unknown command.
You feel better. The anaconda barely misses you. The anaconda constricts you.
The mana viper bites you!
* * * LOW HITPOINT WARNING * * *
The shock serpent bites you!
* * * LOW HITPOINT WARNING * * *
The shock serpent shocks you!
* * * LOW HITPOINT WARNING * * *
Aizul hits you but does no damage. The mana viper bites you.
You die...

#.............##.....
##...........# #.....
##.........( ......
#..(....... #####..
##...#..#...
##..#........
##............
##.............
#....S@#######.
#.#..SSSS.#
#.#...SS....[#
#...#..#...#.!
##..#....##...
##.#...##.#..
##..#.(. . #...#.##


You could see Aizul, an anaconda, a shock serpent, a mana viper, a black mamba
and 2 water moccasins.

Vanquished Creatures
  Rupert (Lair:6)
  Frances (Snake:1)
  Gastronok (Lair:2)
  Agnes (Snake:1)
  2 nagarajas (Snake:2)
  An orc warlord (Orc:2)
  A stone giant (Orc:2)
  Snorg (Lair:4)
  Josephine (D:10)
  Harold (D:8)
  The ghost of IcyTea the Carver, a journeyman DrWr of Okawaru (Lair:1)
  Fannar (D:11)
  A vault guard (D:13)
  11 hydras
  A boulder beetle (D:11)
  4 two-headed ogres
  Erica (D:9)
  A catoblepas (Lair:6)
  3 centaur warriors
  3 anacondas
  7 death yaks (Lair:5)
  A tengu warrior (D:14)
  3 orc high priests (Orc:2)
  3 shock serpents
  3 naga sharpshooters
  Urug (D:10)
  Sonja (Lair:1)
  2 lindwurms
  4 orc knights
  2 mana vipers (Snake:2)
  5 ugly things
  4 oklob plants (Lair:5)
  2 wolf spiders
  2 manticores
  4 orc sorcerers (Orc:2)
  4 cyclopes
  20 elephants
  A guardian serpent (Lair:6)
  25 black mambas
  The ghost of kalagan the Magician, a novice DECj of Sif Muna (D:5)
  4 naga magi
  21 cane toads
  2 ice statues (IceCv)
  2 centaur skeletons
  3 torpor snails
  Psyche (D:8)
  7 rime drakes
  A gargoyle (D:14)
  12 komodo dragons
  Maggie (D:7)
  A kobold demonologist (D:13)
  2 ice devils (Lair:5)
  A polar bear (shapeshifter) (D:14)
  5 trolls
  4 hornets
  12 polar bears
  4 raiju (Lair:6)
  10 slime creatures
  37 blink frogs
  3 vampires
  12 wyverns
  2 redbacks (Lair:6)
  5 wraiths
  9 basilisks
  43 yaks
  Grum (D:8)
  10 humans (D:13)
  A death yak simulacrum (Lair:1)
  Eustachio (D:6)
  3 vampire mosquitoes (D:14)
  Menkaure (D:7)
  13 nagas
  6 wargs
  2 acid dragons
  A soldier ant (D:10)
  34 water moccasins
  13 hell hounds (Lair:6)
  31 orc warriors
  A hornet zombie (D:12)
  11 ice beasts
  A necrophage (D:10)
  4 phantoms
  16 black bears
  13 ogres
  2 eyes of draining
  20 wolves
  9 centaurs
  2 big kobolds
  19 bullfrogs
  A cane toad simulacrum (Lair:1)
  3 water moccasin zombies (Ossuary)
  3 scorpions
  A blink frog simulacrum (Lair:1)
  15 killer bees
  3 electric eels (D:9)
  14 wights
  7 howler monkeys
  3 centaur zombies
  13 hounds
  3 lava snakes (Snake:2)
  A wyvern simulacrum (Lair:1)
  5 jellies
  Crazy Yiuf (D:7)
  2 bullfrog skeletons
  11 orc priests
  2 water moccasin simulacra (Lair:1)
  17 orc wizards
  4 iguanas
  Jessica (D:7)
  13 worker ants
  4 big kobold zombies (Ossuary)
  A bullfrog simulacrum (Lair:1)
  2 hound skeletons (D:8)
  2 mummies (Ossuary)
  2 worker ant zombies
  4 gnolls (D:6)
  16 adders
  4 shadow imps
  2 white imps
  An ufetubus (D:10)
  2 oozes
  3 adder skeletons
  An adder zombie (Ossuary)
  2 worms
  2 dart slugs (D:3)
  5 leopard geckos
  90 orcs
  7 bats
  6 giant cockroaches
  2 gnoll zombies (Ossuary)
  9 goblins
  6 hobgoblins
  18 jackals
  14 kobolds
  6 quokkas
  3 ball pythons
  5 frilled lizards
  5 hobgoblin zombies (Ossuary)
  6 kobold zombies (Ossuary)
  2 leopard gecko skeletons
  A leopard gecko zombie (D:9)
  4 orc zombies (Ossuary)
  A quokka skeleton (D:7)
  A quokka zombie (D:3)
  4 rats
918 creatures vanquished.

Vanquished Creatures (others)
  The ghost of TangoThomas the Zephyrmancer, a journeyman OgAE of Makhleb (Lair:5)
  2 slime creatures (D:13)
  A human (D:13)
  A soldier ant (D:13)
  An orc warrior (Orc:2)
  A hobgoblin zombie (Ossuary)
  An orc zombie (Ossuary)
  52 fungi
  2 lurking horrors (Lair:4)
  135 plants
197 creatures vanquished.

Grand Total: 1115 creatures vanquished

Notes
Turn   | Place    | Note
-------+----------+-------------------------------------------
     0 | D:1      | Eitelfritz the Minotaur Gladiator began the quest for the
                  | Orb.
     0 | D:1      | Reached XP level 1. HP: 18/18 MP: 0/0
   127 | D:1      | Reached skill level 4 in Long Blades
   131 | D:1      | Reached XP level 2. HP: 22/25 MP: 1/1
   662 | D:1      | Reached skill level 1 in Armour
   665 | D:1      | Reached XP level 3. HP: 16/30 MP: 2/2
   926 | D:2      | Found a broken altar of Ashenzari.
   927 | D:2      | Found an ancient bone altar of Kikubaaqudgha.
   927 | D:2      | Found a radiant altar of Vehumet.
  1978 | D:3      | Reached XP level 4. HP: 18/37 MP: 3/3
  2286 | D:3      | Found an opulent altar of Gozag.
  2503 | D:3      | Reached skill level 5 in Long Blades
  2723 | D:3      | Reached XP level 5. HP: 43/45 MP: 4/4
  3030 | D:4      | Found Uceguz's Distillery.
  3045 | D:4      | Bought a potion of degeneration for 14 gold pieces
  3045 | D:4      | Bought a potion of curing for 42 gold pieces
  3078 | D:4      | Found Jyarusch's General Store.
  3091 | D:4      | Bought a scroll of remove curse for 30 gold pieces
  3091 | D:4      | Bought a scroll of identify for 20 gold pieces
  3091 | D:4      | Bought a scroll of fear for 35 gold pieces
  3101 | D:4      | Reached skill level 1 in Stealth
  3101 | D:4      | Reached XP level 6. HP: 39/51 MP: 5/5
  3136 | D:4      | Found a sand-covered staircase.
  3152 | Ossuary  | Entered an ossuary
  3190 | Ossuary  | Reached skill level 6 in Long Blades
  3593 | Ossuary  | Reached skill level 7 in Long Blades
  3603 | Ossuary  | Reached XP level 7. HP: 46/58 MP: 6/6
  3793 | D:4      | Found Bifoitach's Jewellery Shop.
  3881 | D:4      | Found Hiq Zikhach's Assorted Antiques.
  4117 | D:4      | Found an ancient bone altar of Kikubaaqudgha.
  4378 | D:5      | Entered Level 5 of the Dungeon
  4517 | D:5      | Found a transporter.
  4654 | D:5      | Reached skill level 8 in Long Blades
  5093 | D:5      | Reached skill level 9 in Long Blades
  5134 | D:5      | Reached XP level 8. HP: 67/67 MP: 7/7
  5147 | D:5      | Reached skill level 5 in Dodging
  5364 | D:5      | Noticed kalagan's ghost (novice DECj)
  5366 | D:5      | Noticed a hornet
  5382 | D:5      | Found a transporter.
  5566 | D:5      | Found a burning altar of Makhleb.
  5977 | D:6      | Reached skill level 5 in Fighting
  6068 | D:6      | Reached skill level 10 in Long Blades
  6461 | D:6      | Noticed Eustachio
  6483 | D:6      | Killed Eustachio
  6484 | D:6      | Reached XP level 9. HP: 60/75 MP: 8/8
  6672 | D:6      | Reached skill level 11 in Long Blades
  7278 | D:7      | Found a runed translucent door.
  7279 | D:7      | Noticed Crazy Yiuf
  7314 | D:7      | Noticed Maggie
  7331 | D:7      | Killed Maggie
  7332 | D:7      | Reached skill level 1 in Bows
  7557 | D:7      | Found a staircase to the Ecumenical Temple.
  7667 | D:7      | Noticed Menkaure
  7672 | D:7      | Killed Menkaure
  7941 | D:7      | You fall into a shaft and drop 2 floors!
  7941 | D:9      | Found a staircase to the Lair.
  8274 | D:7      | Noticed Jessica
  8286 | D:7      | Killed Jessica
  8291 | D:7      | Found a shimmering blue altar of Sif Muna.
  8456 | Temple   | Entered the Ecumenical Temple
  8555 | Temple   | Became a worshipper of Warmaster Okawaru
  8729 | D:7      | Killed Crazy Yiuf
  8818 | D:8      | Noticed Harold
  8851 | D:8      | Killed Harold
  8851 | D:8      | Reached * piety under Okawaru
  8852 | D:8      | Reached skill level 12 in Long Blades
  8852 | D:8      | Reached skill level 5 in Armour
  8852 | D:8      | Reached XP level 10. HP: 46/86 MP: 9/9
  8859 | D:8      | Reached ** piety under Okawaru
  9230 | D:8      | Noticed Psyche
  9235 | D:8      | Killed Psyche
  9348 | D:8      | Noticed Grum
  9372 | D:8      | Killed Grum
  9862 | D:9      | Noticed Erica
  9884 | D:9      | Killed Erica
  9884 | D:9      | Reached *** piety under Okawaru
  9885 | D:9      | Reached skill level 5 in Bows
 10045 | D:9      | Found Solunle's Assorted Antiques.
 10051 | D:9      | Bought a scroll labelled IJYNEORUTU for 30 gold pieces
 10654 | D:10     | Entered Level 10 of the Dungeon
 10662 | D:10     | Reached skill level 13 in Long Blades
 10796 | D:10     | Noticed Josephine
 10813 | D:10     | Killed Josephine
 10813 | D:10     | Reached **** piety under Okawaru
 11092 | D:10     | Received a gift from Okawaru
 11093 | D:10     | Reached XP level 11. HP: 85/95 MP: 10/10
 11256 | D:10     | Received a gift from Okawaru
 11398 | D:10     | Noticed Urug
 11412 | D:10     | Killed Urug
 11729 | D:10     | Found a staircase to the Orcish Mines.
 11799 | D:10     | Received a gift from Okawaru
 11984 | D:11     | Reached skill level 14 in Long Blades
 12004 | D:11     | Noticed a boulder beetle
 12020 | D:11     | Killed a boulder beetle
 12020 | D:11     | Reached ***** piety under Okawaru
 12021 | D:11     | Noticed a red ugly thing
 12031 | D:11     | Killed a red ugly thing
 12052 | D:11     | Noticed Fannar
 12069 | D:11     | Killed Fannar
 12069 | D:11     | Received a gift from Okawaru
 12077 | D:11     | Reached skill level 10 in Fighting
 12079 | D:11     | HP: 1/99 [orc warrior/+0 long sword (15)]
 12206 | D:11     | Found a flickering gateway to a bazaar.
 12217 | Bazaar   | Entered a bazaar
 12387 | Bazaar   | Found Boumn's Gadget Shop.
 12426 | Bazaar   | Found Fysatt's Armour Boutique.
 12426 | Bazaar   | Found Nuywant's Jewellery Shop.
 12462 | Bazaar   | Found Hyrphor's Distillery.
 12495 | Bazaar   | Bought the amulet "Lidad" {rN+ Will+ Regen+ Int-4 Dex+3}
                  | for 491 gold pieces
 12979 | D:11     | Noticed a two-headed ogre
 12984 | D:11     | Noticed a purple ugly thing
 12987 | D:11     | Killed a two-headed ogre
 12987 | D:11     | Received a gift from Okawaru
 13003 | D:11     | Killed a purple ugly thing
 13479 | D:12     | Received a gift from Okawaru
 13568 | D:12     | Reached XP level 12. HP: 108/108 MP: 11/11
 13586 | D:12     | Noticed a two-headed ogre
 13603 | D:12     | Killed a two-headed ogre
 13624 | D:12     | Found a large runed translucent door.
 13624 | D:12     | Found a large runed translucent door.
 13631 | D:12     | Noticed a two-headed ogre
 13715 | D:12     | Found Eryulunn's Distillery.
 13724 | D:12     | Bought a potion of might for 40 gold pieces
 13786 | D:12     | Found a runed translucent door.
 13792 | D:12     | Found the +10 tower shield of Ignorance {rN+ Int-4}
 13797 | D:12     | Found a runed translucent door.
 13903 | D:12     | Received a gift from Okawaru
 13907 | D:12     | Reached skill level 15 in Long Blades
 14027 | D:12     | Found Surch's Jewellery Shop.
 14081 | D:12     | Reached ****** piety under Okawaru
 14323 | D:12     | Noticed a four-headed hydra
 14329 | D:12     | Killed a one-headed hydra
 14445 | D:12     | Noticed a centaur warrior
 14460 | D:12     | Found an iron altar of Okawaru.
 14461 | D:12     | Found an iron altar of Okawaru.
 14470 | D:12     | Killed a centaur warrior
 14471 | D:12     | Reached skill level 5 in Stealth
 14473 | D:12     | Killed a two-headed ogre
 14474 | D:12     | Reached skill level 1 in Invocations
 14838 | D:13     | Noticed a vault guard
 14868 | D:13     | Killed a vault guard
 14898 | D:13     | Found a gate to the Vaults.
 16167 | D:14     | Reached XP level 13. HP: 90/119 MP: 12/12
 16227 | D:14     | Received a gift from Okawaru
 16350 | D:14     | Received a gift from Okawaru
 16353 | D:14     | Got a masterwork shortbow {god gift}
 16354 | D:14     | Identified the +8 shortbow "Killer Klown's Doom" {vorpal,
                  | MP+9 Int+4} (Okawaru gifted it to you on level 14 of the
                  | Dungeon)
 16585 | D:14     | Reached skill level 16 in Long Blades
 16585 | D:14     | Reached skill level 1 in Unarmed Combat
 17190 | Lair:1   | Entered Level 1 of the Lair of Beasts
 17210 | Lair:1   | Noticed IcyTea's ghost (journeyman DrWr)
 17240 | Lair:1   | Found a runed translucent gate.
 17240 | Lair:1   | Found a runed translucent gate.
 17240 | Lair:1   | Found a runed translucent gate.
 17436 | Lair:1   | Noticed Sonja
 17446 | Lair:1   | Killed Sonja
 17544 | Lair:1   | Received a gift from Okawaru
 18182 | Lair:1   | Killed IcyTea's ghost
 18298 | Lair:1   | Got the ring of the Sky {Fire}
 18711 | Lair:2   | Noticed Gastronok
 18724 | Lair:2   | Killed Gastronok
 18725 | Lair:2   | Received a gift from Okawaru
 18816 | Lair:2   | Identified the ring of the Sky {Fire Str+3} (You found it
                  | on level 1 of the Lair of Beasts)
 18824 | Lair:2   | Identified a scroll of acquirement
 18974 | Lair:2   | You fall into a shaft and drop 1 floor!
 18981 | Lair:3   | Received a gift from Okawaru
 19053 | Lair:3   | Reached XP level 14. HP: 106/130 MP: 16/16
 19305 | Lair:3   | Reached skill level 5 in Unarmed Combat
 19981 | Lair:3   | Acquired 985 gold pieces
 19987 | Lair:4   | Found a staircase to the Snake Pit.
 20144 | Lair:4   | Noticed Snorg
 20153 | Lair:4   | Killed Snorg
 20154 | Lair:4   | Reached skill level 5 in Invocations
 20472 | Lair:4   | Reached skill level 10 in Dodging
 20617 | Lair:4   | Reached skill level 17 in Long Blades
 20731 | Lair:4   | Found a staircase to the Shoals.
 20799 | Lair:4   | Found a corrupted altar of Lugonu.
 20891 | Lair:4   | Found a one-way gate to the infinite horrors of the Abyss.
 21007 | Lair:4   | Received a gift from Okawaru
 21010 | Lair:4   | Got a twisted plate armour {god gift}
 21023 | Lair:4   | Identified the +0 plate armour of Free Expression {Harm rF-
                  | Int+7} (Okawaru gifted it to you on level 4 of the Lair of
                  | Beasts)
 21604 | Lair:5   | Found a runed translucent door.
 21611 | Lair:5   | Found a staircase to the Slime Pits.
 21611 | Lair:5   | Found a viscous altar of Jiyva.
 21616 | Lair:5   | Noticed TangoThomas's ghost (journeyman OgAE)
 21903 | Lair:5   | Found a frozen archway.
 21933 | IceCv    | Entered an ice cave
 21943 | IceCv    | Reached skill level 15 in Fighting
 21950 | IceCv    | Found a transporter.
 22003 | IceCv    | Found a transporter.
 22126 | Lair:5   | Reached XP level 15. HP: 141/141 MP: 18/18
 22321 | Lair:5   | Received a gift from Okawaru
 22544 | Lair:5   | Received a gift from Okawaru
 22597 | Lair:5   | Received a gift from Okawaru
 22615 | Lair:5   | Found the ring of the Tortoise {AC+8}
 22635 | Lair:5   | Got a warped long sword
 22648 | Lair:5   | Identified the +1 long sword of Darkness {freeze, Str+4}
                  | (You found it on level 5 of the Lair of Beasts)
 22651 | Lair:5   | Got a shimmering plate armour
 22665 | Lair:5   | Identified the +10 plate armour of Pleasant Breezes {Str+3
                  | Int+9 Dex-3 Stlth+} (You found it on level 5 of the Lair of
                  | Beasts)
 23036 | Lair:6   | Entered Level 6 of the Lair of Beasts
 23079 | Lair:6   | Received a gift from Okawaru
 23097 | Lair:6   | Reached skill level 10 in Bows
 23359 | Lair:6   | Received a gift from Okawaru
 23466 | Lair:6   | Received a gift from Okawaru
 23749 | Lair:6   | Noticed Rupert
 23775 | Lair:6   | Killed Rupert
 24353 | Lair:6   | Reached skill level 18 in Long Blades
 24819 | Lair:6   | Acquired a +1 longbow of flaming
 25171 | D:4      | Bought the ring "Uvuosagi" {Will+++ MP-9 Str+6 Int+4
                  | Stlth+} for 897 gold pieces
 25171 | D:4      | Bought an uncursed ring of flight for 227 gold pieces
 25171 | D:4      | Bought a cursed -4 ring of intelligence for 26 gold pieces
 25228 | D:5      | Received a gift from Okawaru
 25241 | D:5      | Killed kalagan's ghost
 25457 | Orc:1    | Entered Level 1 of the Orcish Mines
 25614 | Orc:2    | Entered Level 2 of the Orcish Mines
 25660 | Orc:2    | Found Riatiek's Antique Weapon Shop.
 25668 | Orc:2    | Reached XP level 16. HP: 136/152 MP: 8/19
 25673 | Orc:2    | Found a roughly hewn altar of Beogh.
 25813 | Orc:2    | Found Etintyta's Jewellery Emporium.
 26066 | Orc:2    | Found a staircase to the Elven Halls.
 26148 | Orc:2    | Bought a runed great sword for 209 gold pieces
 26282 | Orc:2    | Found Vunomno's Antique Armour Boutique.
 26290 | Orc:2    | Bought a pair of brightly glowing gloves for 313 gold
                  | pieces
 26301 | Orc:2    | Identified the cursed -4 pair of gloves of the
                  | Constellations {rF- Regen+ Str+4 Slay+4} (You bought it in
                  | a shop on level 2 of the Orcish Mines)
 26418 | Orc:2    | Found Miamopp's General Store.
 26635 | Orc:2    | Bought a potion of ambrosia for 88 gold pieces
 27346 | Lair:5   | Killed TangoThomas's ghost
 27441 | Snake:1  | Entered Level 1 of the Snake Pit
 27806 | Snake:1  | Noticed Frances
 27816 | Snake:1  | Killed Frances
 27816 | Snake:1  | Received a gift from Okawaru
 28176 | Snake:1  | Received a gift from Okawaru
 28314 | Snake:1  | Received a gift from Okawaru
 28315 | Snake:1  | Reached skill level 10 in Armour
 28815 | Snake:1  | Noticed Agnes
 28824 | Snake:1  | Killed Agnes
 29486 | Snake:2  | Received a gift from Okawaru
 29628 | Snake:2  | Noticed Aizul
 29648 | Snake:2  | HP: 1/155 [shock serpent (10)]
 29648 | Snake:2  | Slain by a mana viper

Illustrated notes

Levels and vault maps discovered:
D:1:      lightli_arrival_chessboard, layout_basic, minmay_tromino_v2
D:2:      layout_loops_ring, chequers_temple_overflow_statue_of_worship
D:3:      layout_basic, grunt_gozag_breadcrumbs
D:4:      layout_cave_pods, enter_ossuary_5, serial_shops, shop, shop,
          nicolae_shop_trees, shop, kennysheep_flooded_box,
          minmay_strange_pillars
D:5:      layout_loops_ring, gammafunk_ghost_hive, basic_altar
D:6:      kennysheep_six_static_rooms, layout_basic, serial_bayou_lagoon_b,
          uniq_eustachio
D:7:      layout_basic, tgw_sif, minmay_temple_entry_tees, uniq_maggie,
          uniq_menkaure, uniq_crazy_yiuf_cottage
D:8:      layout_cave_pods, uniq_psyche, uniq_harold, uniq_grum
D:9:      layout_basic, lair_entry_dummy, serial_shops, shop_fountains,
          uniq_erica
D:10:     layout_roguey, hiddenorc1_lemuel, st_stairs_1, uniq_josephine,
          uniq_urug
D:11:     layout_loops_corners, serial_shops, bzr_entry_dummy, uniq_fannar
D:12:     okawaru_arena_lexackson, layout_basic, serial_shops, shop,
          minmay_shop_enchanted_jewellery, chequers_guarded_unrand_ignorance
D:13:     layout_basic, ximxim_vaults_locker_room, special_room
          [special_room_orc], lemuel_flame_loot_1
D:14:     layout_loops_ring, serial_glass, glass_columns_a, glass_columns_b,
          glass_columns_b, glass_columns_b, glass_columns_a
Temple:   minmay_crystal_spiral_temple
Lair:1:   layout_regular_city, gammafunk_ghost_icy, uniq_sonja
Lair:2:   layout_roguey, serial_bayou_pond_e, serial_bayou_shore_a,
          uniq_gastronok
Lair:3:   layout_roguey, grunt_megastairs_2
Lair:4:   layout_regular_city, minmay_shoals_entry_centaurs,
          guppyfry_snake_entry_island, amcnicky_altar_lugonu_corruption,
          lemuel_fruit_tree, serial_bayou_shore_b, uniq_snorg
Lair:5:   nzn_winding_woodlands_cross [nzn_winding_woodlands_5x15_default,
          nzn_winding_woodlands_5x15_eye,
          nzn_winding_woodlands_5x15_split_checker,
          nzn_winding_woodlands_5x15_crooked,
          nzn_winding_woodlands_15x15_five_gardens], layout_long_grid,
          slime_altar_1, portal_ice_cave_demonic_guard,
          ebering_ghost_reflecting_pool, kennysheep_basilisk_garden,
          minmay_lair_oklob_chamber
Lair:6:   hangedman_lair_caniforms_friends, layout_loops_ring,
          hangedman_lair_tendril_chambers, uniq_rupert
Snake:1:  layout_cave_shapes, nicolae_snake_single_loop, nrook_loot_triangle,
          uniq_agnes, uniq_frances
Snake:2:  cheibrodos_forgotten_conduit, layout_onion_interference,
          nicolae_snake_lava_pool, uniq_nikola, uniq_aizul, uniq_louise
Orc:1:    layout_caves
Orc:2:    grunt_orc_gardens, layout_diamond_mine, grunt_orc_garden,
          grunt_orc_garden, grunt_orc_garden, grunt_orc_garden, basic_altar,
          abandoned_shop, mines_bat_river

Skill      XL: |  1  2  3  4  5  6  7  8  9 10 11 12 13 14 15 16 |
---------------+-------------------------------------------------+-----
Long Blades    | 4 5 7 9 10 12 13 14 15 16 17 18 | 18.6
Armour         | 1 2 3 4 5 6 7 8 9 10 | 10.6
Fighting       | 3 4 5 7 8 10 12 13 15 16 17 | 17.4
Dodging        | 4 5 6 7 8 9 10 12 | 12.3
Stealth        | 1 2 3 4 5 6 7 |  7.0
Bows           | 4 6 7 8 9 10 12 | 12.0
Invocations    | 1 4 6 |  6.1
Unarmed Combat | 4 6 |  6.0
Throwing       | |  2.6

Action                   |  1- 3 |  4- 6 |  7- 9 | 10-12 | 13-15 | 16-18 || total
-------------------------+-------+-------+-------+-------+-------+-------++-------
Melee: Long sword        |    94 |   119 |   206 |       |     1 |       ||   420
       Headbutt          |    11 |    26 |    71 |   149 |   312 |    69 ||   638
       Scimitar          |       |       |    68 |   589 |   967 |   226 ||  1850
       Punch             |       |       |       |     2 |    50 |     4 ||    56
 Fire: Shortbow          |       |       |    25 |    62 |    95 |       ||   182
       Longbow           |       |       |       |       |       |   115 ||   115
Throw: Javelin           |       |       |     5 |       |       |       ||     5
Invok: Heroism           |       |       |       |     7 |     6 |     1 ||    14
       Finesse           |       |       |       |       |       |     1 ||     1
  Use: Potion            |     2 |       |     1 |     3 |       |     6 ||    12
       Scroll            |       |     3 |    12 |     9 |    12 |     5 ||    41
 Stab: Sleeping          |       |     1 |     2 |     7 |     8 |       ||    18
       Distracted        |       |       |     1 |     1 |     2 |       ||     4
Armor: Leather armour    |    19 |    37 |    47 |       |       |       ||   103
       Acid dragon scale |       |       |    13 |    89 |   251 |    24 ||   377
       Scale mail        |       |       |       |    27 |    22 |       ||    49
       Plate armour      |       |       |       |       |       |   107 ||   107
Dodge: Dodged            |    83 |    81 |   160 |   433 |  1014 |   200 ||  1971
       Rpst.: Long sword |    22 |    22 |    36 |       |       |       ||    80
       Scimitar          |       |       |     6 |   101 |   263 |    40 ||   410
